 Dungeon Crawl Stone Soup version 0.29-a0-620-g13ace881f2 (webtiles) character file.

Game seed: 7639384206707712754

23 CollectiveS the Skirmisher (level 2, 0/24 HPs)
             Began as a Demonspawn Fighter on June 19, 2022.
             Succumbed to an adder's poison
             ... on level 2 of the Dungeon.
             The game lasted 00:01:24 (685 turns).

CollectiveS the Skirmisher (Demonspawn Fighter)      Turns: 685, Time: 00:01:24

Health: 0/24       AC:  9    Str: 16    XL:     2   Next: 72%
Magic:  2/2        EV:  8    Int:  9    God:
Gold:   47         SH:  4    Dex: 12    Spells: 1/1 levels left

rFire   . . .      SeeInvis .   a - +0 flail
rCold   . . .      Faith    .   c - +0 buckler
rNeg    . . .      Spirit   .   b - +0 scale mail
rPois   .          Reflect  .   n - +2 helmet
rElec   .          Harm     .   (no cloak)
rCorr   .          Rampage  .   (no gloves)
Will    .....                   (no boots)
Stlth   ..........              (no amulet)
HPRegen 0.08/turn               (no ring)
MPRegen 0.08/turn               (no ring)

@: brilliant, lethally poisoned (0 -> -4), flying, hasted, very quick
A: powered by death 1
a: no special abilities


You were on level 2 of the Dungeon.
You visited 1 branch of the dungeon, and saw 2 of its levels.

You collected 47 gold pieces.

Inventory:

Hand Weapons
 a - a +0 flail (weapon)
Armour
 b - a +0 scale mail (worn)
 c - a +0 buckler (worn)
 n - a +2 helmet (worn)
Jewellery
 p - a ring of ice
Scrolls
 g - a scroll of teleportation {unknown}
 i - a scroll of magic mapping {unknown}
 j - a scroll of immolation {unknown}
 k - a scroll of silence {unknown}
 l - 3 scrolls of identify {unknown}
Potions
 d - a potion of might
 m - a potion of berserk rage {unknown}
 o - a potion of invisibility {unknown}


   Skills:
 + Level 3.2 Fighting
 + Level 2.1 Maces & Flails
 + Level 3.0 Armour
 + Level 3.0 Shields


You had one spell level left.
You didn't know any spells.
Your spell library was empty.

Dungeon Overview and Level Annotations

Branches:
Dungeon (2/15)

Altars:
Cheibriados


Innate Abilities, Weirdness & Mutations

You regenerate a little health from kills.


Message History

The adder bites you.
You are poisoned.
The adder poisons you!
You hit the adder but do no damage.
The adder is moderately wounded.
You feel sick. The adder barely misses you. The adder bites you.
You are more poisoned.
The adder poisons you!
You hit the adder.
The adder is heavily wounded.
You feel very sick. The adder barely misses you.
The adder bites you but does no damage.
You hit the adder.
The adder is almost dead.
You feel very sick. The adder closely misses you. The adder bites you.
You are lethally poisoned!
The adder poisons you!
You barely miss the adder.
The adder is almost dead.
* * * LOW HITPOINT WARNING * * *
You feel very sick. The adder closely misses you.
You sock the adder!
You kill the adder!
* * * LOW HITPOINT WARNING * * *
You feel very sick.
Your Armour skill increases to level 3!
Your Shields skill increases to level 3!
It was a potion of flight.
You feel very buoyant.
You fly up into the air.
* * * LOW HITPOINT WARNING * * *
You feel sick.
It was a potion of haste.
You feel yourself speed up.
* * * LOW HITPOINT WARNING * * *
You feel sick.
It was a potion of brilliance.
You feel clever all of a sudden.
You die...

.# ..### ### ....##
$. .....#
####.##....#####
##.................
......$.............
.......@......##....
..#..###............
# ##.............
##..............
#....<..>.......
#...#............$
#.........<.......
#..###.............
#.# ##............


There were no monsters in sight!

Vanquished Creatures
  An adder (D:2)
  2 giant cockroaches (D:1)
  2 goblins (D:1)
  3 hobgoblins (D:1)
  A kobold (D:1)
  2 ball pythons (D:1)
  A bat (D:1)
12 creatures vanquished.

Notes
Turn   | Place    | Note
-------+----------+-------------------------------------------
     0 | D:1      | CollectiveS the Demonspawn Fighter began the quest for the
                  | Orb.
     0 | D:1      | Reached XP level 1. HP: 18/18 MP: 1/1
   352 | D:1      | Gained mutation: You regenerate a little health from kills.
                  | [demonic ancestry]
   352 | D:1      | Reached XP level 2. HP: 24/24 MP: 2/2
   665 | D:2      | Found a snail-covered altar of Cheibriados.
   684 | D:2      | HP: 1/24 [poisoned by an adder]
   685 | D:2      | Succumbed to an adder's poison

Illustrated notes

Levels and vault maps discovered:
D:1:      dpeg_arrival_rooms_b, layout_loops_ring, st_stairs_6
D:2:      cheibrodos_fertilizer, layout_rooms, basic_altar, serial_curves,
          eino_curves_04, eino_curves_01, eino_curves_01,
          basic_ecumenical_altar, minmay_three_crescents

Skill      XL: |  1  2 |
---------------+-------+-----
Maces & Flails | 2 |  2.1
Armour         | 3 |  3.0
Shields        | 3 |  3.0
Fighting       | |  3.2

Action                   || total
-------------------------++-------
Melee: Flail             ||    29
  Use: Potion            ||     3
Armor: Scale mail        ||    12
Dodge: Dodged            ||    16
Block: Buckler           ||     5

Table legend: (Time is in decaauts)
 A = Elapsed time spent in this place.
 B = Non-inter-level travel time spent in this place.
 C = Inter-level travel time spent in this place.
 D = Time resting spent in this place.
 E = Time spent auto-exploring this place.
 F = Levels seen in this place.
 G = Mean time per level.
                   A        B        C        D        E       F      G
               +--------+--------+--------+--------+--------+-----+--------+
         Total |    694 |    678 |     16 |      0 |    571 |   2 |  347.0 |
       Dungeon |    694 |    678 |     16 |      0 |    571 |   2 |  347.0 |
               +--------+--------+--------+--------+--------+-----+--------+

Top non-repeatable levels by time:
     D:1: 671 daAuts
     D:2: 23 daAuts
